 Dungeon Crawl Stone Soup version 0.31-a0-182-gc5ef74bbde (webtiles) character file.

Game seed: 13740207442480843401

2 2FriedEggs the Charlatan (level 1, 9/9 HPs)
             Began as a Spriggan Artificer on June 20, 2023.
             Quit the game on level 1 of the Dungeon.
             The game lasted 00:00:58 (204 turns).

2FriedEggs the Charlatan (Spriggan Artificer)        Turns: 204, Time: 00:00:59

Health: 9/9        AC:  2    Str:  8    XL:     1   Next: 33%
Magic:  11/11      EV: 17    Int: 12    God:
Gold:   7          SH:  0    Dex: 15    Spells: 0/0 levels left

rFire   . . .        (weapon restricted)
rCold   . . .        (no shield)
rNeg    . . .        b - +0 robe
rPois   .            (helmet restricted)
rElec   .            (no cloak)
rCorr   .            (gloves unavailable)
SInv    +            (boots unavailable)
Will    .....        (no amulet)
Stlth   ++           g - ring of magical power
HPRegen 0.21/turn    (no ring)
MPRegen 0.12/turn

%: no passive effects
@: very quick
A: very small, no large weapons, unfitting armour, see invisible, speed 3
a: no special abilities


You were on level 1 of the Dungeon.
You visited 1 branch of the dungeon, and saw 1 of its levels.

You collected 7 gold pieces.

Inventory:

Hand Weapons
 a - a +0 club
Missiles
 h - 5 poisoned darts (quivered)
Armour
 b - a +0 robe (worn)
Jewellery
 g - a ring of magical power (left hand)
Wands
 c - a wand of flame (15)
 d - a wand of charming (15)
 e - a wand of iceblast (5)
Scrolls
 k - a scroll of identify {unknown}
Potions
 f - a potion of degeneration {unknown}
 i - a potion of attraction {unknown}


   Skills:
 - Level 0.7 Fighting
 + Level 3.3 Dodging
 - Level 1.5 Stealth
 * Level 4.2 Evocations


You couldn't memorise any spells.
You didn't know any spells.
Your spell library was empty.

Dungeon Overview and Level Annotations

Branches:
Dungeon (1/15)

Altars:


Innate Abilities, Weirdness & Mutations

You are very small and have problems with some larger weapons.
You are too small for most types of armour.
You have supernaturally acute eyesight. (SInv)
You cover ground extremely quickly. (Speed+++)


Message History

The ball python looks even sicker.
Unknown command.
You closely miss the ball python. The ball python misses you. x2
You hit the ball python but do no damage.
The ball python is moderately wounded.
The ball python bites you. The ball python closely misses you.
The ball python bites you. The ball python misses you.
You hit the ball python.
You kill the ball python!
No target in view!
No target in view!
h - 2 poisoned darts (gained 1)
h - 3 poisoned darts (gained 1) 2 jackals come into view.
Found a murky amethyst potion.
You see here a poisoned dart.
There are monsters nearby!
There are monsters nearby!
There are monsters nearby!
h - 4 poisoned darts (gained 1)
You see here a poisoned dart.
h - 5 poisoned darts (gained 1)
Found an orange potion.
Found 7 gold pieces.
Found a scroll labelled JERUCKOGOT.
i - an orange potion
Found a scroll labelled XEOSTI GULLAK.
You now have 7 gold pieces.
j - a scroll labelled JERUCKOGOT
k - a scroll labelled XEOSTI GULLAK
As you read the scroll labelled JERUCKOGOT, it crumbles to dust.
It is a scroll of enchant weapon.
Really abort (and waste the scroll)?
Okay, then.
Are you sure you want to abandon this character and quit the game? (Confirm with "yes".)
Okay, then.
You are now empty-handed.
Unknown command.
Unknown command.
Are you sure you want to abandon this character and quit the game? (Confirm with "yes".)

####.####### #.
#..... ...# #.
##.##.# #.###
#.#####...#.#####....
#................####
#..#..#..#..#..#.#
#...#..#..#..#...#
#....#..#..#..#..#
#..#@.#..#..#..#.#
#...#..#..#..#...#
#.#............###
#........#######
##########


There were no monsters in sight!

Vanquished Creatures
  A ball python (D:1)
  A hobgoblin (D:1)
2 creatures vanquished.

Notes
Turn   | Place    | Note
-------+----------+-------------------------------------------
     0 | D:1      | 2FriedEggs the Spriggan Artificer began the quest for the
                  | Orb.
     0 | D:1      | Reached XP level 1. HP: 9/9 MP: 2/2
   204 | D:1      | Quit the game

Illustrated notes

Levels and vault maps discovered:
D:1:      saegor_arrival_under_anarchy, layout_loops_ring,
          amcnicky_mini_pool_small, minmay_misc_feat_diagonals,
          corexii_leaking_fountain

Action                     || total
---------------------------++-------
  Melee: Club              ||    10
  Throw: Dart              ||     4
    Use: Scroll            ||     1
  Dodge: Dodged            ||    10

Table legend: (Time is in decaauts)
 A = Elapsed time spent in this place.
 B = Non-inter-level travel time spent in this place.
 C = Inter-level travel time spent in this place.
 D = Time resting spent in this place.
 E = Time spent auto-exploring this place.
 F = Levels seen in this place.
 G = Mean time per level.
                   A        B        C        D        E       F      G
               +--------+--------+--------+--------+--------+-----+--------+
         Total |    171 |    171 |      0 |     12 |     99 |   1 |  171.0 |
       Dungeon |    171 |    171 |      0 |     12 |     99 |   1 |  171.0 |
               +--------+--------+--------+--------+--------+-----+--------+

Top non-repeatable levels by time:
     D:1: 171 daAuts
